Map: [ESL] Equilibrium

Players

DKZDark (Dark)

  • Race: Zerg Zerg
  • League: Master
  • Spawn Location: 11:00

DKZherO (herO) - Winner!

  • Race: Protoss Protoss
  • League: Grandmaster
  • Spawn Location: 1:00

VOD

Have the link to the VOD?

Description

Time

  • Played on: Nov. 28, 2023, 9:29 a.m.
  • Length: 8:40
Show
View Real Time Build Order
Export as new Build Order

DKZDark Zerg 

Build Orders: Hatch First 

Get SALT Encoding   

  12  0:00  Drone  
  13  0:12  Overlord  
  13  0:16  Drone  
  14  0:30  Drone x2  
  16  0:49  Hatchery  
  15  0:51  Drone  
  15  0:57  Drone  
  17  0:59  Drone  
  17  1:04  Extractor  
  17  1:15  Spawning Pool  
  17  1:18  Drone  
  17  1:21  Drone  
  18  1:29  Drone  
  19  1:38  Drone  
  20  2:04  Queen  
  20  2:05  Zergling x2  
  23  2:08  Metabolic Boost  
  23  2:10  Zergling x2  
  23  2:11  Zergling x4  
  23  2:12  Zergling x2  
  27  2:22  Zergling x2  
  28  2:33  Overlord  
  28  2:35  Overlord  
  27  2:49  Hatchery  
  26  2:57  Zergling x4  
  28  3:01  Zergling x2  
  29  3:09  Zergling x2  
  29  3:12  Drone x2  
  30  3:26  Drone x2  
  29  3:37  Drone  
  30  3:47  Drone  
  30  3:52  Hatchery  
  29  3:59  Drone  
  29  4:01  Drone  
  31  4:08  Queen  
  33  4:10  Drone  
  33  4:12  Drone  
  35  4:23  Drone x5  
  40  4:35  Overlord  
  40  4:36  Drone  
  41  4:39  Roach Warren  
  41  4:43  Queen  
  41  4:44  Drone  
  43  4:50  Overlord  
  43  4:55  Overlord  
  43  4:57  Drone x2  
  43  4:58  Drone  
  46  5:01  Drone  
  47  5:11  Zergling x2  
  47  5:13  Drone  
  49  5:20  Roach x3  
  49  5:21  Zergling x8  
  58  5:26  Spore Crawler  
  58  5:27  Zergling x6  
  60  5:29  Zergling x2  
  60  5:34  Drone x2  
  63  5:40  Drone, Ravager x2  
  63  5:41  Ravager  
  67  5:43  Zergling x2  
  68  5:52  Zergling x10  
  73  6:02  Spore Crawler, Lair  
  71  6:07  Spore Crawler  
  71  6:10  Drone x3  
  73  6:22  Overlord  
  73  6:26  Hatchery  
  73  6:28  Overlord  
  73  6:29  Overlord  
  73  6:30  Overlord  
  73  6:32  Overlord  
  72  6:35  Overlord  
  72  6:37  Overlord  
  72  6:41  Drone  
  72  6:46  Drone  
  73  6:51  Drone  
  73  6:55  Drone x3  
  73  6:59  Overseer, Drone x4  
  80  7:02  Drone x2  
  80  7:04  Hatchery  
  80  7:05  Drone  
  80  7:07  Glial Reconstitution  
  82  7:11  Drone  
  82  7:14  Drone  
  84  7:27  Extractor x2  
  84  7:29  Drone x5  
  87  7:31  Drone x2  
  87  7:32  Drone, Queen  
  91  7:37  Drone x2  
  91  7:42  Extractor x2  
  91  7:46  Roach  
  91  7:47  Evolution Chamber  
  92  7:53  Roach  
  94  8:02  Drone x6  
  101  8:16  Roach  
  101  8:17  Roach x2  
Show
View Real Time Build Order
Export as new Build Order

DKZherO Protoss - Winner!

Build Orders: Zealot Archon 

Get SALT Encoding   

  12  0:00  Probe  
  13  0:12  Probe  
  14  0:19  Pylon  
  14  0:24  Probe  
  15  0:37  Probe (Chrono Boost)  
  15  0:40  Gateway  
  16  0:47  Probe (Chrono Boost)  
  17  0:51  Assimilator  
  17  0:52  Probe (Chrono Boost)  
  18  1:03  Probe  
  19  1:09  Forge  
  19  1:15  Probe  
  20  1:25  Zealot (Chrono Boost)  
  20  1:26  Pylon  
  20  1:32  Cybernetics Core  
  22  1:35  Probe  
  25  1:49  Photon Cannon  
  23  2:00  Photon Cannon  
  23  2:03  Pylon  
  23  2:08  Adept (Chrono Boost)  
  23  2:12  Warp Gate  
  25  2:31  Adept  
  25  2:38  Nexus  
  25  2:45  Probe  
  25  2:47  Assimilator  
  26  2:54  Pylon  
  27  3:01  Adept  
  28  3:08  Gateway  
  28  3:11  Probe  
  29  3:22  Twilight Council  
  29  3:26  Gateway  
  29  3:31  Pylon  
  29  3:32  Sentry (Chrono Boost)  
  29  3:34  Probe  
  30  3:42  Shield Battery  
  31  3:49  Probe (Chrono Boost), Twilight Council  
  31  3:51  Probe (Chrono Boost)  
  32  4:00  Robotics Facility  
  32  4:01  Probe (Chrono Boost)  
  34  4:04  Probe (Chrono Boost)  
  34  4:06  Stalker  
  34  4:07  Probe (Chrono Boost)  
  38  4:18  Probe (Chrono Boost)  
  38  4:19  Probe (Chrono Boost)  
  38  4:24  Gateway  
  39  4:26  Probe (Chrono Boost)  
  39  4:28  Probe (Chrono Boost)  
  41  4:33  Dark Shrine  
  41  4:36  Probe  
  42  4:42  Gateway  
  42  4:44  Probe (Chrono Boost)  
  43  4:47  Assimilator  
  43  4:48  Probe (Chrono Boost)  
  43  4:52  Observer  
  45  4:56  Assimilator  
  47  5:00  Pylon  
  47  5:01  Probe (Chrono Boost)  
  47  5:03  Probe (Chrono Boost)  
  47  5:05  Probe (Chrono Boost)  
  47  5:11  Probe, Warp Prism  
  51  5:16  Probe  
  52  5:21  Gateway  
  52  5:23  Probe  
  52  5:28  Probe  
  54  5:36  Probe  
  54  5:40  Probe  
  56  5:45  Dark Templar x3  
  62  5:51  Protoss Ground Weapons Level 1  
  62  5:55  Probe, Pylon  
  63  6:06  Nexus  
  63  6:12  Pylon  
  63  6:15  Immortal (Chrono Boost)  
  67  6:22  Observer  
  67  6:24  Dark Templar  
  69  6:26  Shield Battery, Blink (Chrono Boost)  
  69  6:28  Probe  
  69  6:30  Probe  
  71  6:35  Archon x2  
  71  6:36  Shield Battery  
  71  6:40  Probe  
  71  6:42  Probe  
  71  6:45  Immortal (Chrono Boost)  
  73  6:54  Probe  
  78  7:00  Pylon  
  78  7:08  Robotics Bay  
  78  7:09  Immortal  
  78  7:17  Probe x2  
  78  7:19  Probe  
  78  7:22  Stalker x3  
  91  7:27  Stalker  
  91  7:29  Probe x2  
  95  7:31  Probe  
  96  7:39  Gateway  
  96  7:42  Gateway  
  96  7:44  Pylon  
  96  7:46  Probe x2  
  96  7:47  Probe  
  99  7:52  Pylon  
  99  8:03  Stalker x4  
  107  8:09  Probe x2  
  107  8:10  Probe, Pylon  
  109  8:14  Assimilator  
  109  8:15  Assimilator  
  115  8:22  Pylon  
  113  8:33  Stalker x4  
Tags
 
Add a new tag
Caveats
  • Supply blocks, unpowered buildings, or Contaminate may cause inaccurate times.
  • Supply counts are checked every 10 seconds.